 Dungeon Crawl Stone Soup version 0.29-a0-315-gaf6dd05e2f (webtiles) character file.

Game seed: 15288223187700072148

3613 funkygono the Arsonist (level 10, -2/51 HPs)
             Began as a Gargoyle Fire Elementalist on Mar 29, 2022.
             Slain by an orc warrior
             ... wielding a +0 war axe
              (8 damage)
             ... in a bailey.
             The game lasted 00:17:48 (8583 turns).

funkygono the Arsonist (Gargoyle Fire Elementalist) Turns: 8583, Time: 00:17:49

Health: -2/51      AC: 22    Str: 12    XL:     10   Next: 11%
Magic:  6/22       EV: 10    Int: 26    God:
Gold:   526        SH:  0    Dex: 10    Spells: 11/26 levels left

rFire   . . .      SeeInvis .   z - +5 whip of True Grit {drain, Fly rPois Will++ Stlth+}
rCold   . . .      Faith    .   (no shield)
rNeg    + . .      Spirit   .   C - +0 swamp dragon scales
rPois   ∞          Reflect  .   y - +1 helmet of Noughts and Crosses {rElec Regen+ Stlth-}
rElec   +          Harm     .   d - +0 cloak
rCorr   .          Rampage  .   (no gloves)
Will    ++...                   n - +0 pair of boots {Fly}
Stlth   +.........              (no amulet)
HPRegen 0.97/turn               u - +6 ring of intelligence
MPRegen 0.18/turn               A - +4 ring of protection

@: flying
A: sickness immunity, AC +7, negative energy resistance 1, electricity
resistance, torment resistance 1, petrification resistance
a: no special abilities


You were in a bailey.
You visited 2 branches of the dungeon, and saw 9 of its levels.
You also visited: Bailey.

You collected 1497 gold pieces.
You spent 971 gold pieces at shops.

Inventory:

Hand Weapons
 l - a +1 flail of holy wrath
 o - a +0 whip
 z - the +5 whip of True Grit (weapon) {drain, Fly rPois Will++ Stlth+}
   (You took it off a kobold brigand on level 6 of the Dungeon)

   A truly terrible weapon, it drains the life of any living foe it strikes.
   rPois:     It protects you from poison.
   Fly:       It grants you flight.
   Will:      It greatly increases your willpower.
   Stlth:     It makes you more stealthy.
 H - a +3 morningstar
Missiles
 g - 290 stones
Armour
 a - a +1 robe
 d - a +0 cloak (worn)
 k - a +2 ring mail of poison resistance
 n - a +0 pair of boots of flying (worn)
 y - the +1 helmet of Noughts and Crosses (worn) {rElec Regen+ Stlth-}
   (You bought it in a shop on level 6 of the Dungeon)

   rElec:     It insulates you from electricity.
   Regen:     It increases your rate of health regeneration.
   Stlth:     It makes you less stealthy.
 C - +0 swamp dragon scales (worn)
Magical Staves
 f - a staff of earth
Jewellery
 q - a ring of protection from cold
 r - a ring of see invisible
 u - a +6 ring of intelligence (left hand)
 A - a +4 ring of protection (right hand)
 F - a +4 ring of protection
Wands
 G - a wand of iceblast (7)
Scrolls
 e - 2 scrolls of blinking
 h - 3 scrolls of teleportation
 j - a scroll of immolation
 s - 2 scrolls of summoning
 x - a scroll of brand weapon {unknown}
 D - a scroll of fog
Potions
 b - 2 potions of magic
 c - 6 potions of heal wounds
 i - 3 potions of haste
 m - 6 potions of curing
 p - 2 potions of mutation
 t - a potion of lignification {unknown}
 v - a potion of berserk rage {unknown}
 w - 3 potions of brilliance
 B - 3 potions of attraction {unknown}


   Skills:
 + Level 0.5 Fighting
 + Level 0.9 Maces & Flails
 + Level 0.5 Armour
 + Level 2.2 Dodging
 - Level 2.1 Stealth
 * Level 8.5 Spellcasting
 + Level 7.4 Conjurations
 + Level 8.5 Fire Magic
 * Level 1.1 Air Magic


You had 11 spell levels left.
You knew the following spells:

 Your Spells              Type           Power      Damage    Failure   Level
a - Foxfire               Conj/Fire      100%       2x1d9     1%          1
b - Scorch                Fire           100%       2d10      1%          2
c - Conjure Flame         Conj/Fire      52%        6-21      1%          3
d - Flame Wave            Conj/Fire      52%        2d11      4%          4
e - Lightning Bolt        Conj/Air       16%        1d30      50%         5

Your spell library contained the following spells:

 Spells                   Type           Power      Damage    Failure   Level
 Magic Dart               Conj           100%       1d8       1%          1
 Static Discharge         Conj/Air       33%        N/A       3%          2
 Inner Flame              Hex/Fire       33%        N/A       6%          3
 Mephitic Cloud           Conj/Pois/Air  26%        N/A       11%         3
 Call Imp                 Summ           11%        N/A       19%         2
 Gell's Gravitas          Tloc           11%        N/A       36%         3
 Teleport Other           Tloc           11%        N/A       36%         3
 Dispersal                Tloc           5%         N/A       100%        6
 Maxwell's Capacitive Co  Air            8%         ∞         100%        8


Dungeon Overview and Level Annotations

Branches:
Dungeon (8/15)             Temple (1/1) D:7          Bailey (1/1)
   Lair: D:8-11

Altars:
Ashenzari
Dithmenos
Elyvilon
Fedhas
Gozag
Hepliaklqana
Kikubaaqudgha
Nemelex Xobeh
Okawaru
Ru
Sif Muna
Uskayaw
Xom
Zin

Shops:
D:6 [[=

Annotations:
Bailey 3 runed translucent doors


Innate Abilities, Weirdness & Mutations

You are immune to sickness and miasma.
Your stone body is resilient. (AC +7)
You are immune to poison.
You resist negative energy. (rN+)
You are resistant to electric shocks. (rElec)
You are resistant to unholy torment.
You are immune to petrification.


Message History

The orc warrior hits you with a +0 war axe!
The orc warrior attacks as you move away!
The orc warrior hits you but does no damage.
The orc warrior hits you with a +0 war axe.
The orc warrior attacks as you move away!
The orc warrior hits you with a +0 war axe.
The orc warrior attacks as you move away!
The orc warrior hits you with a +0 war axe.
Things that are here:
a +0 hand axe; a +0 ring mail; an orc skeleton The orc warrior attacks as you move away!
The orc warrior hits you with a +0 war axe.
The orc warrior attacks as you move away!
The orc warrior hits you but does no damage.
The orc warrior attacks as you move away!
The orc warrior barely misses you.
The orc warrior hits you with a +0 war axe.
You see here a boomerang.
The orc warrior attacks as you move away!
The orc warrior closely misses you.
There is an open gate here.
Items here: )) [[ ††.
The orc warrior attacks as you move away!
The orc warrior completely misses you.
You see here 2 boomerangs.
The orc warrior attacks as you move away!
The orc warrior closely misses you.
The orc warrior attacks as you move away!
The orc warrior barely misses you.
The orc warrior attacks as you move away!
The orc warrior hits you with a +0 hand axe!
The orc warrior attacks as you move away!
The orc warrior hits you with a +0 war axe!
* * * LOW HITPOINT WARNING * * *
The orc warrior attacks as you move away!
The orc warrior closely misses you.
The orc warrior hits you with a +0 battleaxe!
* * * LOW HITPOINT WARNING * * *
The orc warrior hits you with a +0 war axe!
You die...

♣...##..)).#≈"...
♣....##.{..#≈!...
♣♣.....#)...##8.8.
.
♣......'o....#....
.
♣∩.∩..)((....#....
.
♣....o)(.(...#....
.
♣♣..o.)#....##8.8.
♣..o(##....#≈!...
♣.@o##.....#≈|...
♣≈≈##......##≈≈≈#
♣≈≈#........#####
♣≈≈#..8..8....'.
♣≈≈#..........#≈
♣≈≈##.........#
♣≈≈≈##...8...##
♣♣≈≈≈##.....##
♣♣≈≈≈##...##


You could see 5 orc warriors.

Vanquished Creatures
  Maggie (D:7)
  Grinder (D:4)
  Eustachio (D:6)
  A water moccasin (D:6)
  3 orc warriors (Bailey)
  A black bear (D:6)
  3 sky beasts
  3 centaurs
  3 phantoms
  2 kobold brigands
  A bullfrog (D:7)
  4 scorpions
  3 necrophages
  6 wights
  5 killer bees (D:7)
  2 jellies
  2 hounds
  3 orc priests
  4 iguanas
  4 orc wizards
  3 gnolls
  8 adders
  2 shadow imps (D:7)
  A white imp (D:7)
  A worm (D:2)
  3 dart slugs
  25 orcs
  8 ball pythons
  6 bats
  2 endoplasms
  3 giant cockroaches
  10 goblins
  9 hobgoblins
  2 jackals (D:2)
  29 kobolds
  3 quokkas
  5 frilled lizards
  6 rats (D:2)
  A spectral kobold (D:3)
180 creatures vanquished.

Vanquished Creatures (collateral kills)
  13 foxfires
13 creatures vanquished.

Vanquished Creatures (others)
  706 foxfires
  13 plants
719 creatures vanquished.

Grand Total: 912 creatures vanquished

Notes
Turn   | Place    | Note
-------+----------+-------------------------------------------
     0 | D:1      | funkygono the Gargoyle Fire Elementalist began the quest
                  | for the Orb.
     0 | D:1      | Reached XP level 1. HP: 10/10 MP: 3/3
   116 | D:1      | Found a faded altar of an unknown god.
   238 | D:1      | Reached XP level 2. HP: 13/15 MP: 1/5
   643 | D:1      | Learned a level 2 spell: Scorch
   781 | D:2      | Noticed a phantom
   789 | D:2      | Killed a phantom
   790 | D:2      | Reached XP level 3. HP: 10/19 MP: 0/6
   790 | D:2      | Reached XP level 4. HP: 13/24 MP: 0/7
   794 | D:2      | Learned a level 3 spell: Conjure Flame
  1230 | D:2      | Found a shimmering altar of Xom.
  1365 | D:2      | Reached XP level 5. HP: 28/28 MP: 2/9
  1368 | D:2      | Reached skill level 5 in Fire Magic
  2071 | D:3      | Learned a level 4 spell: Flame Wave
  2135 | D:3      | Found a blossoming altar of Fedhas.
  2166 | D:3      | Found a hazy altar of Hepliaklqana.
  2414 | D:3      | Found a shadowy altar of Dithmenos.
  2863 | D:3      | Reached XP level 6. HP: 32/32 MP: 2/11
  3456 | D:4      | Noticed Grinder
  3462 | D:4      | Killed Grinder
  3463 | D:4      | Reached XP level 7. HP: 36/36 MP: 3/13
  4148 | D:5      | Entered Level 5 of the Dungeon
  4535 | D:5      | Reached skill level 5 in Spellcasting
  4598 | D:5      | Reached XP level 8. HP: 42/42 MP: 5/16
  5166 | D:6      | Reached skill level 5 in Conjurations
  5388 | D:6      | Found Meppeo's Armour Boutique.
  5564 | D:6      | Noticed Eustachio
  5575 | D:6      | Killed Eustachio
  5609 | D:6      | Identified the +5 whip of True Grit {drain, Fly rPois
                  | Will++ Stlth+}
  5891 | D:6      | Reached XP level 9. HP: 46/46 MP: 10/18
  5999 | D:6      | Found Asela's Antique Armour Shop.
  6163 | D:6      | Found Wikifeub's Jewellery Shop.
  6588 | D:6      | Identified a scroll of acquirement
  6588 | D:6      | Acquired 1102 gold pieces
  6692 | D:6      | Bought a pair of glowing boots for 202 gold pieces
  6752 | D:6      | Bought the +1 helmet of Noughts and Crosses {rElec Regen+
                  | Stlth-} for 265 gold pieces
  6801 | D:6      | Bought a +4 ring of protection for 504 gold pieces
  6937 | D:7      | Noticed Maggie
  6953 | D:7      | Killed Maggie
  7794 | D:7      | Found a staircase to the Ecumenical Temple.
  7803 | Temple   | Entered the Ecumenical Temple
  7958 | D:7      | Learned a level 5 spell: Lightning Bolt
  8054 | D:8      | Reached XP level 10. HP: 51/51 MP: 10/22
  8160 | D:8      | Found a flagged portal.
  8173 | Bailey   | Entered a bailey
  8310 | Bailey   | Noticed an orc warlord
  8310 | Bailey   | Found the macabre finger necklace {rN+}
  8516 | Bailey   | Found a runed translucent gate.
  8516 | Bailey   | Found a runed translucent gate.
  8538 | Bailey   | Found a runed translucent gate.
  8557 | Bailey   | Reached skill level 1 in Air Magic
  8583 | Bailey   | Slain by an orc warrior

Illustrated notes

Levels and vault maps discovered:
D:1:      minmay_arrival_hallway, layout_rooms,
          ebering_ecumenical_altar_abandoned
D:2:      layout_basic, basic_altar, serial_bayou, serial_bayou_shore_a,
          serial_bayou_pond_b, serial_bayou_pond_d, serial_bayou_pond_e,
          serial_bayou_ford_a, serial_bayou_lagoon_a
D:3:      layout_loops_corners, nicolae_hepliaklqana_monster_ancestors,
          overflow_temple_1_default, nicolae_dithmenos_through_a_glass_darkly
D:4:      layout_cave_pools, lightli_ossuary_entry_decrepit_ruins,
          grunt_decor_one_mirror, nicolae_figureground_sparkle, uniq_grinder
D:5:      layout_basic, minivault_19, kennysheep_small_spiral
D:6:      corexii_shack_village, layout_basic, serial_shops,
          nicolae_shop_temple_entry_statues_fountains, shop, shop,
          bh_walls_and_bars, uniq_eustachio
D:7:      layout_rooms, lemuel_temple_firewalk_b, uniq_maggie
D:8:      layout_basic, nicolae_vehumet_altar_sigil, enter_bailey_5
Temple:   eino_wide_crystal_templ
Bailey:   bailey_axe_bossmonster_kennysheep, bailey

Skill      XL: |  1  2  3  4  5  6  7  8  9 10 |
---------------+-------------------------------+-----
Fire Magic     | 4 5 6 7 8 |  8.5
Spellcasting   | 3 4 5 6 8 |  8.5
Conjurations   | 2 3 4 5 7 |  7.4
Dodging        | 2 |  2.2
Air Magic      | 1 |  1.1
Fighting       | |  0.5
Maces & Flails | |  0.9
Armour         | |  0.5
Stealth        | |  2.1

Action                   |  1- 3 |  4- 6 |  7- 9 | 10-12 || total
-------------------------+-------+-------+-------+-------++-------
Melee: Unarmed           |     4 |       |       |       ||     4
       Club              |     4 |     4 |       |       ||     8
       Flail             |       |    12 |     4 |       ||    16
       Whip              |       |       |    14 |       ||    14
 Cast: Foxfire           |    28 |   107 |   232 |    51 ||   418
       Scorch            |       |     3 |    27 |     3 ||    33
       Flame Wave        |       |       |     1 |     2 ||     3
  Use: Scroll            |       |       |    17 |       ||    17
Armor: Robe              |     2 |     9 |    16 |       ||    27
       Swamp dragon scal |       |       |     6 |    16 ||    22
Dodge: Dodged            |    12 |    21 |    32 |    19 ||    84

Table legend: (Time is in decaauts)
 A = Elapsed time spent in this place.
 B = Non-inter-level travel time spent in this place.
 C = Inter-level travel time spent in this place.
 D = Time resting spent in this place.
 E = Time spent auto-exploring this place.
 F = Levels seen in this place.
 G = Mean time per level.
                   A        B        C        D        E       F      G
               +--------+--------+--------+--------+--------+-----+--------+
         Total |   8620 |   8248 |    372 |    513 |   6219 |  10 |  862.0 |
       Dungeon |   8156 |   7798 |    358 |    364 |   6185 |   8 | 1019.5 |
        Temple |     54 |     41 |     13 |      0 |     34 |   1 |   54.0 |
        Bailey |    409 |    409 |      0 |    149 |      0 |   1 |  409.0 |
               +--------+--------+--------+--------+--------+-----+--------+

Top non-repeatable levels by time:
     D:6: 1555 daAuts
     D:2: 1284 daAuts
     D:3: 1171 daAuts
     D:7: 1145 daAuts
     D:5: 1087 daAuts
     D:4: 1031 daAuts
     D:1: 696 daAuts
  Bailey: 409 daAuts
     D:8: 183 daAuts
  Temple: 54 daAuts
